AoeStats
← t.

Black Forest

506655865Analyzed
1v1 RM · 17d ago on Sep 14, 2026· 38m 20s· 2 players
Game mode
Random Map
Map size
Tiny (2 player)
Population
200
Speed
Normal
Resources
Standard
Victory
Conquest
Starting age
Dark Age
Ending age
Imperial Age
RankedLock teamsTeams togetherTeam positionsShared explorationLock speedFull tech treeHidden civsTurbo modeCheats
Victory
Defeat
🇪🇸 Ethiopians · Spain
784
+14
🇩🇪 Hindustanis · Germany
740
-14
t.
12:43 Feudal Age
13:17 Double-Bit Axe
13:17 Horse Collar
15:20 Loom
18:34 Castle Age
17:31 Gold Mining
17:58 Scale Barding Armor
20:09 Bow Saw
24:39 Padded Archer Armor
25:11 Stone Mining
36:05 Husbandry
36:12 Husbandry
Macklemore
4:16 Loom
11:55 Feudal Age
13:28 Double-Bit Axe
17:30 Castle Age
16:18 Fishing Lines
17:05 Stone Mining
17:45 Forging
18:07 Gillnets
18:26 Gold Mining
18:43 Horse Collar
20:50 Iron Casting
25:55 Gold Shaft Mining
25:22 Heavy Plow
27:25 Bow Saw
28:55 Wheelbarrow
28:16 Fletching
28:27 Scale Mail Armor
28:27 Padded Archer Armor
28:33 Scale Barding Armor
30:07 Squires
31:59 Hand Cart
32:39 Stone Shaft Mining
36:56 Imperial Age
Connection lost

Rejoining the realm…

Still unreachable

The connection could not be restored.

Session expired

The server has moved on; the page needs a fresh start.